AoeStats
← Assadar

Oasis

509985675Analyzed
2v2 RM · 4d ago on Sep 28, 2026· 40m 43s· 4 players
Game mode
Random Map
Map size
Medium (4 player)
Population
200
Speed
Normal
Resources
Standard
Victory
Conquest
Starting age
Dark Age
Ending age
Imperial Age
RankedLock teamsTeams togetherTeam positionsShared explorationLock speedFull tech treeHidden civsTurbo modeCheats
Victory
Defeat
🇺🇸 Goths · United States
679
+13
🇺🇸 Cumans · United States
679
+13
🇦🇷 Turks · Argentina
610
-13
🇦🇷 Varangians · Argentina
604
-13
Crawp
1:29 Loom
15:59 Feudal Age
16:10 Feudal Age
18:22 Man-at-Arms
37:01 Scale Mail Armor
37:12 Forging
38:55 Horse Collar
Assadar
0:35 Loom
14:04 Feudal Age
14:47 Double-Bit Axe
14:48 Horse Collar
16:28 Fletching
25:27 Wheelbarrow
31:54 Castle Age
31:10 Padded Archer Armor
31:54 Capped Ram
32:55 Heavy Plow
33:16 Bow Saw
33:03 Bodkin Arrow
33:23 Leather Archer Armor
33:51 Bloodlines
34:28 Elite Skirmisher
35:29 Forging
35:25 Scale Barding Armor
36:31 Murder Holes
36:44 Thumb Ring
38:06 Chain Barding Armor
38:22 Iron Casting
39:56 Hand Cart
MrSpawn143
11:55 Feudal Age
12:58 Double-Bit Axe
14:45 Horse Collar
24:07 Castle Age
26:03 Thumb Ring
27:47 Scale Barding Armor
27:40 Fletching
30:47 Bow Saw
31:52 Heavy Plow
32:10 Bodkin Arrow
33:34 Bloodlines
33:25 Husbandry
35:59 Chain Barding Armor
=Kamarachen™=
12:20 Feudal Age
13:49 Horse Collar
13:56 Double-Bit Axe
22:04 Castle Age
20:17 Scale Mail Armor
20:28 Forging
25:57 Chain Mail Armor
29:39 Gold Mining
30:03 Bow Saw
29:55 Heavy Plow
30:33 Iron Casting
32:13 Gambesons
32:29 Squires
32:15 Arson
37:04 Imperial Age
41:19 Imperial Age
Connection lost

Rejoining the realm…

Still unreachable

The connection could not be restored.

Session expired

The server has moved on; the page needs a fresh start.